 Dungeon Crawl Stone Soup version 0.30-a0-223-gcb0039aa0c (webtiles) character file.

Game seed: 12153522678831941786

154 glaedl the Trooper (level 5, 0/33 HPs)
             Began as a Gargoyle Berserker on Oct 9, 2022.
             Was a Believer of Trog.
             Slain by an orc
             ... wielding a +0 falchion
              (2 damage)
             ... on level 4 of the Dungeon.
             The game lasted 00:05:39 (2838 turns).

glaedl the Trooper (Gargoyle Berserker)             Turns: 2838, Time: 00:05:40

Health: 0/33       AC:  6    Str: 22 (23) XL:     5   Next: 35%
Magic:  5/5        EV:  7    Int:  7      God:    Trog [**....]
Gold:   146        SH:  8    Dex:  6 (9)  Spells: 4/4 levels left

rFire   . . .      SeeInvis .    a - +0 mace
rCold   . . .      Faith    .    p - +0 tower shield
rNeg    + . .      Spirit   .    b - +0 animal skin
rPois   ∞          Reflect  .    (no helmet)
rElec   +          Harm     .    (no cloak)
rCorr   .          Rampage  .    (no gloves)
Will    .....                    (no boots)
Stlth   +.........               (no amulet)
HPRegen 0.25/turn                (no ring)
MPRegen 0.09/turn                (no ring)

@: no status effects
A: sickness immunity, AC +4, negative energy resistance 1, electricity
resistance, torment resistance 1, petrification resistance
a: Renounce Religion, Berserk, Trog's Hand


You were on level 4 of the Dungeon.
You worshipped Trog.
Trog was pleased with you.
You visited 1 branch of the dungeon, and saw 4 of its levels.

You collected 146 gold pieces.

Inventory:

Hand Weapons
 a - a +0 mace (weapon)
Armour
 b - a +0 animal skin (worn)
 p - a +0 tower shield (worn)
Jewellery
 d - a ring of protection from fire
Wands
 k - a wand of roots (11)
Scrolls
 e - a scroll of identify
 g - 3 scrolls of blinking {unknown}
 j - a scroll of immolation {unknown}
 l - a scroll of magic mapping {unknown}
 q - a scroll of teleportation {unknown}
Potions
 c - 2 potions of curing
 i - a potion of flight
 m - a potion of ambrosia


   Skills:
 + Level 4.3 Fighting
 + Level 3.9 Maces & Flails
 + Level 3.3 Armour
 + Level 2.5 Dodging


You had 4 spell levels left.
You didn't know any spells.
Your spell library was empty.

Dungeon Overview and Level Annotations

Branches:
Dungeon (4/15)
 Temple: D:4-7

Altars:

Shops:
D:3 !


Innate Abilities, Weirdness & Mutations

You are immune to sickness and miasma.
Your stone body is resilient. (AC +4)
You are immune to poison.
You resist negative energy. (rN+)
You are resistant to electric shocks. (rElec)
You are resistant to unholy torment.
You are immune to petrification.


Message History

Found 6 stones.
You now have 146 gold pieces (gained 10).
You see here a +0 quarterstaff.
An orc priest comes into view. It is wielding a +0 trident.
An orc comes into view. It is wielding a +0 club.
The orc priest casts a cantrip, but nothing happens.
Found a stone staircase leading up.
The orc hits you with a +0 club.
The orc priest hits you with a +0 trident.
An orc comes into view. It is wielding a +0 falchion.
You barely miss the orc priest. You block the orc's attack.
The orc priest barely misses you. x2; You block the orc's attack.
You hit the orc priest.
The orc priest is moderately wounded.
You block the orc's attack.
The orc priest hits you with a +0 trident.
You hit the orc priest.
The orc priest is heavily wounded.
The orc barely misses you.
The orc priest hits you with a +0 trident.
You block the orc priest's attack. The orc hits you with a +0 club.
You hit the orc priest.
The orc priest is almost dead.
The orc barely misses you. You block the orc's attack.
The orc hits you but does no damage.
The orc priest calls down the wrath of Beogh upon you.
Pain shoots through your body!
You barely miss the orc priest.
The orc priest is almost dead.
The orc hits you but does no damage. The orc barely misses you.
The orc priest hits you with a +0 trident. x2
You block the orc's attack. The orc barely misses you.
You barely miss the orc priest.
The orc priest is almost dead.
The orc hits you with a +0 club.
* * * LOW HITPOINT WARNING * * *
The orc priest hits you with a +0 trident.
* * * LOW HITPOINT WARNING * * *
The orc hits you with a +0 falchion.
You die...

...#### ...#.. ....
.....# <....####
##### ...#
#.#.....##..... ...#
............... ...#
............... ...#
............# ...#
......oo....# ...#
#.....o@....# .###
#...........# ##
..###
.#...........#..##
#...##
#.##..............##
.##..#
#.###.....#........#
. ##.###.#
#######.###...#. .
#..##.# #.# ### <#
##.##(# #.# . #..#.#
##.#


You could see an orc priest and 2 orcs.

Vanquished Creatures
  A necrophage (D:4)
  3 adders
  2 ufetubi
  A worm (D:3)
  A dart slug (D:1)
  6 endoplasms
  A giant cockroach (D:2)
  3 goblins
  5 hobgoblins
  2 quokkas
  2 ball pythons
  6 bats
  3 frilled lizards
  4 kobolds
  19 rats
59 creatures vanquished.

Notes
Turn   | Place    | Note
-------+----------+-------------------------------------------
     0 | D:1      | glaedl the Gargoyle Berserker began the quest for the Orb.
     0 | D:1      | Reached XP level 1. HP: 14/14 MP: 1/1
   258 | D:1      | Found a faded altar of an unknown god.
   492 | D:1      | Reached XP level 2. HP: 19/19 MP: 2/2
   914 | D:2      | Reached XP level 3. HP: 23/23 MP: 3/3
  1461 | D:2      | Reached ** piety under Trog
  1527 | D:2      | Reached XP level 4. HP: 18/29 MP: 4/4
  2099 | D:3      | Found Ismom's Distillery.
  2529 | D:4      | Reached skill level 4 in Fighting
  2586 | D:4      | Noticed a necrophage
  2593 | D:4      | Killed a necrophage
  2594 | D:4      | Reached XP level 5. HP: 33/33 MP: 5/5
  2838 | D:4      | Slain by an orc

Illustrated notes

Levels and vault maps discovered:
D:1:      amcnicky_arrival_wind_blow, layout_loops_corners,
          shapermc_ecumenical_altar_hornbeckon
D:2:      layout_loops_ring, chequers_serial_rivers_micro_b, minmay_rat_hole
D:3:      layout_loops_cross, serial_shops,
          nicolae_shop_temple_entry_statues_fountains, hex_large
D:4:      layout_rooms, uniq_crazy_yiuf_cottage

Skill      XL: |  1  2  3  4 |
---------------+-------------+-----
Dodging        | 2 |  2.5
Armour         | 3 |  3.3
Fighting       | 4 |  4.3
Maces & Flails | |  3.9

Action                   |  1- 3 |  4- 6 || total
-------------------------+-------+-------++-------
Melee: Mace              |   126 |    60 ||   186
Invok: Berserk           |       |     1 ||     1
       Trog's Hand       |       |     2 ||     2
  Use: Potion            |       |     8 ||     8
       Scroll            |       |     2 ||     2
 Stab: Sleeping          |     1 |     1 ||     2
Armor: Animal skin       |    50 |    24 ||    74
Dodge: Dodged            |    97 |    41 ||   138
Block: Tower shield      |       |    35 ||    35

Table legend: (Time is in decaauts)
 A = Elapsed time spent in this place.
 B = Non-inter-level travel time spent in this place.
 C = Inter-level travel time spent in this place.
 D = Time resting spent in this place.
 E = Time spent auto-exploring this place.
 F = Levels seen in this place.
 G = Mean time per level.
                   A        B        C        D        E       F      G
               +--------+--------+--------+--------+--------+-----+--------+
         Total |   2869 |   2786 |     83 |     51 |   2277 |   4 |  717.2 |
       Dungeon |   2869 |   2786 |     83 |     51 |   2277 |   4 |  717.2 |
               +--------+--------+--------+--------+--------+-----+--------+

Top non-repeatable levels by time:
     D:2: 941 daAuts
     D:1: 906 daAuts
     D:3: 673 daAuts
     D:4: 347 daAuts
